 Dungeon Crawl Stone Soup version 0.30-a0-305-g026cb31310 (webtiles) character file.

Game seed: 14988371121552760196

294 greenreed the Poker (level 6, -3/51 HPs)
             Began as a Gnoll Reaver on Oct 21, 2022.
             Killed from afar by a white imp (14 damage)
             ... with a puff of frost
             ... on level 5 of the Dungeon.
             The game lasted 00:09:42 (3523 turns).

greenreed the Poker (Gnoll Reaver)                  Turns: 3523, Time: 00:09:43

Health: -3/51      AC:  4    Str: 13      XL:     6   Next: 34%
Magic:  9/14       EV: 11    Int: 13      God:
Gold:   240        SH:  0    Dex:  3 (10) Spells: 12/15 levels left

rFire   . . .      SeeInvis .    a - +0 spear
rCold   . . .      Faith    .    (no shield)
rNeg    . . .      Spirit   .    b - +0 leather armour
rPois   .          Reflect  .    (no helmet)
rElec   .          Harm     .    (no cloak)
rCorr   .          Rampage  .    c - +0 pair of gloves
Will    .....                    (no boots)
Stlth   +.........               e - amulet of regeneration
HPRegen 1.08/turn                (no ring)
MPRegen 0.14/turn                (no ring)

@: about to teleport
A: fangs 1, strong nose, distributed training
a: no special abilities


You were on level 5 of the Dungeon.
You visited 1 branch of the dungeon, and saw 5 of its levels.

You collected 276 gold pieces.
You spent 36 gold pieces at shops.

Inventory:

Hand Weapons
 a - a +0 spear (weapon)
Missiles
 k - 11 poisoned darts
Armour
 b - a +0 leather armour (worn)
 c - a +0 pair of gloves (worn)
 i - a +2 buckler
Jewellery
 e - an amulet of regeneration (around neck)
 u - an amulet of reflection
 v - an amulet of faith
Wands
 o - a wand of digging (4)
 s - a wand of polymorph (7)
Scrolls
 g - a scroll of teleportation
 j - 7 scrolls of identify {unknown}
 m - a scroll of noise {unknown}
 q - a scroll of vulnerability {unknown}
 r - a scroll of enchant weapon {unknown}
 t - a scroll of enchant armour {unknown}
 w - a scroll of magic mapping {unknown}
Potions
 d - 2 potions of haste {unknown}
 f - 3 potions of invisibility {unknown}
 h - 3 potions of mutation {unknown}
 l - 2 potions of heal wounds {unknown}
 n - a potion of curing
 p - a potion of degeneration {unknown}


   Skills:
 + Level 5.0 Fighting
 + Level 2.0 Short Blades
 + Level 2.0 Long Blades
 + Level 2.0 Axes
 + Level 2.0 Maces & Flails
 + Level 6.8 Polearms
 + Level 2.0 Staves
 + Level 2.0 Ranged Weapons
 + Level 2.0 Throwing
 + Level 2.0 Armour
 + Level 5.0 Dodging
 + Level 2.0 Stealth
 + Level 2.0 Shields
 + Level 2.0 Unarmed Combat
 + Level 5.4 Spellcasting
 + Level 5.6 Conjurations
 + Level 1.5 Hexes
 + Level 1.5 Summonings
 + Level 1.5 Necromancy
 + Level 1.5 Translocations
 + Level 1.5 Transmutations
 + Level 1.5 Fire Magic
 + Level 1.5 Ice Magic
 + Level 1.5 Air Magic
 + Level 1.5 Earth Magic
 + Level 1.5 Poison Magic
 + Level 2.2 Invocations
 + Level 2.0 Evocations


You had 12 spell levels left.
You knew the following spells:

 Your Spells              Type           Power      Damage    Failure   Level
a - Kiss of Death         Conj/Necr      48%        2d9       5%          1
b - Momentum Strike       Conj/Tloc      24%        3d8       8%          2

Your spell library contained the following spells:

 Spells                   Type           Power      Damage    Failure   Level
 Hailstorm                Conj/Ice       12%        3d5       16%         3
 Cigotuvi's Dreadful Rot  Necr/Pois/Air  14%        N/A       19%         2
 Call Canine Familiar     Summ           7%         N/A       34%         3
 Confusing Touch          Hex            7%         N/A       34%         3
 Portal Projectile        Hex/Tloc       14%        N/A       34%         3
 Dispel Undead            Necr           7%         3d8       75%         4
 Leda's Liquefaction      Hex/Erth       3%         N/A       75%         4
 Death Channel            Necr           3%         N/A       100%        6


Dungeon Overview and Level Annotations

Branches:
Dungeon (5/15)
 Temple: D:4-7

Altars:
Qazlal
Sif Muna
Yredelemnul
The Shining One

Shops:
D:3 !

Annotations:
D:5 2 transporters, quakins's ghost, amateur KoBr


Innate Abilities, Weirdness & Mutations

You have very sharp teeth.
Your uncanny sense of smell can sniff out nearby items.
Your experience applies equally to all skills.


Message History

The white imp gestures at you. The puff of frost misses you.
The white imp misses you.
The shadow imp shouts, "Escape, thou twisted two-tin-hat flirt-gill!"
You hit the white imp but do no damage.
The white imp hits you but does no damage.
The white imp closely misses you.
You hit the white imp.
The white imp is moderately wounded.
The white imp misses you. The white imp hits you. The white imp freezes you.
You closely miss the white imp. Your bite misses the white imp.
The white imp is moderately wounded.
You hit the white imp.
The white imp is severely wounded.
The white imp hits you. The white imp freezes you. The white imp misses you.
The shadow imp disappears for a moment.
You hit the white imp.
You kill the white imp!
You barely miss the white imp. The white imp gestures at you.
The puff of frost hits you. The white imp gestures at you.
The puff of frost misses you.
You closely miss the white imp. You hit the white imp.
The white imp is moderately wounded.
The white imp hits you. The white imp freezes you.
The white imp gestures at you. The puff of frost hits you!
* * * LOW HITPOINT WARNING * * *
You are too injured to fight recklessly!
The white imp gestures at you. The puff of frost hits you.
* * * LOW HITPOINT WARNING * * *
The white imp laughs crazily.
There is an open door here.
As you read the scroll labelled TIAMAT CYTESTRA, it crumbles to dust.
You feel strangely unstable.
It was a scroll of teleportation.
The white imp gestures at you. The puff of frost hits you!
You die...

∆ #.# . #.. .. ### ∆
§.. .. ..©.= ..#
§§§. ..##...##..#
####55...
.#..#.#..#.#
#..555..#
.#..#.#..#.# #.##
..##...##..# #.5#
©...$[...WO#####@###
##############≈≈.§≈#
....©.©......#≈...≈#
.............'.._..+
#####..#.#.###≈...≈#
##...#.# #≈≈.§≈#
###.#.# ###+###
##.#.# ##....#


You could see a white imp.

Vanquished Creatures
  Sigmund (D:3)
  A jelly (D:4)
  4 adders
  5 shadow imps (D:5)
  2 white imps (D:5)
  2 ufetubi (D:5)
  2 worms
  6 orcs
  3 bats
  6 endoplasms
  A giant cockroach (D:2)
  5 goblins
  6 hobgoblins
  2 jackals (D:1)
  3 quokkas
  6 ball pythons
  3 frilled lizards
  6 kobolds
  A rat (D:3)
65 creatures vanquished.

Vanquished Creatures (others)
  A water moccasin (D:5)
  3 quasits (D:5)
  An iguana (D:4)
  An orc wizard (D:4)
  A shadow imp (D:5)
  A worm (D:4)
  A demonic plant (D:5)
9 creatures vanquished.

Grand Total: 74 creatures vanquished

Notes
Turn   | Place    | Note
-------+----------+-------------------------------------------
     0 | D:1      | greenreed the Gnoll Reaver began the quest for the Orb.
     0 | D:1      | Reached XP level 1. HP: 20/20 MP: 6/6
     2 | D:1      | Noticed a tengu
     2 | D:1      | Noticed a felid
     4 | D:1      | Noticed a vampire
     4 | D:1      | Noticed a naga
     6 | D:1      | Noticed a gargoyle
     6 | D:1      | Noticed a demigod
     8 | D:1      | Noticed a spriggan
     8 | D:1      | Noticed a merfolk
    10 | D:1      | Noticed a minotaur
    10 | D:1      | Noticed a demonspawn
    12 | D:1      | Noticed an armataur
    12 | D:1      | Noticed an elf
    14 | D:1      | Noticed a troll
    16 | D:1      | Noticed an octopode
    16 | D:1      | Noticed a vine stalker
    18 | D:1      | Noticed a human
    20 | D:1      | Noticed an ogre
    20 | D:1      | Noticed a formicid
    22 | D:1      | Noticed a ghoul
    24 | D:1      | Noticed a draconian
    24 | D:1      | Noticed a merfolk
    26 | D:1      | Noticed a vampire
    26 | D:1      | Noticed a demigod
   211 | D:1      | Found a faded altar of an unknown god.
   235 | D:1      | Reached XP level 2. HP: 20/26 MP: 7/7
   844 | D:2      | Reached skill level 5 in Spellcasting
   844 | D:2      | Reached XP level 3. HP: 29/31 MP: 7/9
   847 | D:2      | Learned a level 2 spell: Momentum Strike
   871 | D:2      | Reached skill level 1 in Invocations
   922 | D:2      | Reached skill level 1 in Short Blades
   922 | D:2      | Reached skill level 1 in Long Blades
   922 | D:2      | Reached skill level 1 in Axes
   922 | D:2      | Reached skill level 1 in Maces & Flails
   922 | D:2      | Reached skill level 1 in Staves
   922 | D:2      | Reached skill level 1 in Ranged Weapons
   922 | D:2      | Reached skill level 1 in Throwing
   922 | D:2      | Reached skill level 1 in Armour
   922 | D:2      | Reached skill level 1 in Stealth
   922 | D:2      | Reached skill level 1 in Shields
   922 | D:2      | Reached skill level 1 in Unarmed Combat
   922 | D:2      | Reached skill level 1 in Evocations
  1247 | D:3      | Reached XP level 4. HP: 35/38 MP: 11/11
  1310 | D:3      | Found Hiav's Distillery.
  1316 | D:3      | Bought a potion of curing for 36 gold pieces
  1352 | D:3      | Noticed Sigmund
  1481 | D:3      | Killed Sigmund
  1482 | D:3      | Reached skill level 1 in Hexes
  1482 | D:3      | Reached skill level 1 in Summonings
  1482 | D:3      | Reached skill level 1 in Necromancy
  1482 | D:3      | Reached skill level 1 in Translocations
  1482 | D:3      | Reached skill level 1 in Transmutations
  1482 | D:3      | Reached skill level 1 in Fire Magic
  1482 | D:3      | Reached skill level 1 in Ice Magic
  1482 | D:3      | Reached skill level 1 in Air Magic
  1482 | D:3      | Reached skill level 1 in Earth Magic
  1482 | D:3      | Reached skill level 1 in Poison Magic
  1482 | D:3      | Reached XP level 5. HP: 36/43 MP: 6/12
  1609 | D:3      | Found a glowing golden altar of the Shining One.
  1611 | D:3      | Noticed an angel
  1945 | D:3      | Found a basalt altar of Yredelemnul.
  1947 | D:3      | Noticed a profane servitor
  2680 | D:4      | Found a shimmering blue altar of Sif Muna.
  3110 | D:5      | Entered Level 5 of the Dungeon
  3145 | D:5      | Found a transporter.
  3292 | D:5      | Noticed a water moccasin
  3310 | D:5      | Killed a water moccasin
  3325 | D:5      | Reached XP level 6. HP: 48/50 MP: 8/13
  3389 | D:5      | Reached skill level 5 in Fighting
  3389 | D:5      | Reached skill level 5 in Dodging
  3438 | D:5      | Noticed quakins's ghost (amateur KoBr)
  3441 | D:5      | Found a transporter.
  3476 | D:5      | Found a stormy altar of Qazlal.
  3523 | D:5      | Killed from afar by a white imp

Illustrated notes

Levels and vault maps discovered:
D:1:      kb_arrival_jail, layout_loops_ring, chequers_ecumenical_altar_twisty
D:2:      layout_rooms, wander_ebering_terrifying_dragon_lair
D:3:      layout_loops_ring, grunt_temple_overflow_holy_war, serial_shops, shop,
          chequers_serial_rivers_micro_c, uniq_sigmund
D:4:      layout_loops_corners, nicolae_sif_muna_condensation
D:5:      layout_loops_ring, kennysheep_little_box, temple_hall, serial_demonic,
          serial_demonic_d, serial_demonic_c, serial_demonic_f,
          serial_demonic_f, serial_demonic_a, serial_demonic_a,
          gammafunk_ghost_smash, uniq_duvessa

Skill      XL: |  1  2  3  4  5  6 |
---------------+-------------------+-----
Spellcasting   | 5 |  5.4
Invocations    | 1 2 |  2.2
Short Blades   | 1 2 |  2.0
Long Blades    | 1 2 |  2.0
Axes           | 1 2 |  2.0
Maces & Flails | 1 2 |  2.0
Staves         | 1 2 |  2.0
Ranged Weapons | 1 2 |  2.0
Throwing       | 1 2 |  2.0
Armour         | 1 2 |  2.0
Stealth        | 1 2 |  2.0
Shields        | 1 2 |  2.0
Unarmed Combat | 1 2 |  2.0
Evocations     | 1 2 |  2.0
Hexes          | 1 |  1.5
Summonings     | 1 |  1.5
Necromancy     | 1 |  1.5
Translocations | 1 |  1.5
Transmutations | 1 |  1.5
Fire Magic     | 1 |  1.5
Ice Magic      | 1 |  1.5
Air Magic      | 1 |  1.5
Earth Magic    | 1 |  1.5
Poison Magic   | 1 |  1.5
Fighting       | 5 |  5.0
Dodging        | 5 |  5.0
Polearms       | |  6.8
Conjurations   | |  5.6

Action                   |  1- 3 |  4- 6 || total
-------------------------+-------+-------++-------
Melee: Spear             |   165 |   225 ||   390
       Bite              |     8 |    26 ||    34
       Punch             |       |     5 ||     5
 Cast: Momentum Strike   |     1 |    17 ||    18
       Kiss of Death     |       |     1 ||     1
  Use: Scroll            |       |     1 ||     1
 Stab: Sleeping          |       |     6 ||     6
Armor: Leather armour    |    28 |    72 ||   100
Dodge: Dodged            |    78 |   128 ||   206

Table legend: (Time is in decaauts)
 A = Elapsed time spent in this place.
 B = Non-inter-level travel time spent in this place.
 C = Inter-level travel time spent in this place.
 D = Time resting spent in this place.
 E = Time spent auto-exploring this place.
 F = Levels seen in this place.
 G = Mean time per level.
                   A        B        C        D        E       F      G
               +--------+--------+--------+--------+--------+-----+--------+
         Total |   3433 |   3346 |     87 |    100 |   2560 |   5 |  686.6 |
       Dungeon |   3433 |   3346 |     87 |    100 |   2560 |   5 |  686.6 |
               +--------+--------+--------+--------+--------+-----+--------+

Top non-repeatable levels by time:
     D:4: 962 daAuts
     D:3: 794 daAuts
     D:1: 648 daAuts
     D:2: 645 daAuts
     D:5: 382 daAuts
